 Dungeon Crawl Stone Soup version 0.21.1-1-g345015fe64 (webtiles) character file.

590 Faustar the Charmwright (level 7, 0/56 HPs)
             Began as a Gnoll Skald on Feb 9, 2018.
             Succumbed to a worker ant's poison
             ... on level 5 of the Dungeon.
             The game lasted 00:07:23 (4553 turns).

Faustar the Charmwright (Gnoll Skald)               Turns: 4553, Time: 00:07:23

Health: 0/56       AC:  3    Str: 15    XL:     7   Next: 39%
Magic:  15/15      EV: 14    Int: 15    God:
Gold:   183        SH:  5    Dex: 15    Spells: 16/17 levels left

rFire    . . .     SeeInvis .   p - +1 hand axe (chop)
rCold    . . .     Gourm    .   l - +1 buckler
rNeg     . . .     Faith    .   b - +0 leather armour
rPois    .         Spirit   .   (no helmet)
rElec    .         Reflect  .   (no cloak)
rCorr    .         Harm     .   (no gloves)
MR       .....     Rnd*Tele +   (no boots)
Stlth    ++........             (no amulet)
HPRegen  0.18/turn              (no ring)
MPRegen  0.14/turn              (no ring)

@: lethally poisoned (0 -> -10)
A: distributed training, fangs 1, talons 1, teleportitis 1, strong nose
a: no special abilities


You were on level 5 of the Dungeon.
You were not hungry.

You visited 2 branches of the dungeon, and saw 6 of its levels.

You collected 183 gold pieces.

Inventory:

Hand Weapons
 p - a +1 hand axe of chopping (weapon)
Armour
 b - a +0 leather armour (worn)
 l - a +1 buckler (worn)
Wands
 n - a wand of paralysis (15)
Scrolls
 e - 10 scrolls of identify {unknown}
 f - 2 scrolls of fear {unknown}
 g - a scroll of amnesia {unknown}
 i - a scroll of remove curse
 s - 2 scrolls of teleportation {unknown}
Potions
 h - 2 potions of mutation
 k - a potion of cancellation
 r - a potion of agility {unknown}
 t - a potion of ambrosia {unknown}
Books
 c - a book of Battle

   Spells                             Type                      Level
   a - Infusion                       Charms                       1
   b - Shroud of Golubria             Charms/Translocation         2
   c - Song of Slaying                Charms                       2
   d - Spectral Weapon                Hexes/Charms                 3
   e - Regeneration                   Charms/Necromancy            3
 j - a book of Maledictions

   Spells                             Type                      Level
   a - Corona                         Hexes                        1
   b - Ensorcelled Hibernation        Hexes/Ice                    2
   c - Confuse                        Hexes                        3
   d - Tukima's Dance                 Hexes                        3
   e - Dazzling Spray                 Conjuration/Hexes            3
 u - the Collected Works on the Entourage
   (You found it on level 4 of the Dungeon)

   Spells                             Type                      Level
   a - Summon Butterflies             Summoning                    1
   b - Summon Ice Beast               Ice/Summoning                4
   c - Malign Gateway                 Summoning/Translocation      7
Comestibles
 a - 2 chunks of flesh
 d - 10 rations


   Skills:
 + Level 5.2 Fighting
 + Level 2.4 Short Blades
 + Level 2.4 Long Blades
 + Level 2.4 Axes
 + Level 5.2 Maces & Flails
 + Level 2.4 Polearms
 + Level 2.4 Staves
 + Level 2.4 Slings
 + Level 2.4 Bows
 + Level 2.4 Crossbows
 + Level 2.4 Throwing
 + Level 3.5 Armour
 + Level 5.2 Dodging
 + Level 2.4 Stealth
 + Level 2.4 Shields
 + Level 2.4 Unarmed Combat
 + Level 5.6 Spellcasting
 + Level 2.0 Conjurations
 + Level 2.0 Hexes
 + Level 5.8 Charms
 + Level 2.0 Summonings
 + Level 2.0 Necromancy
 + Level 2.0 Translocations
 + Level 2.0 Transmutations
 + Level 2.0 Fire Magic
 + Level 2.0 Ice Magic
 + Level 2.0 Air Magic
 + Level 2.0 Earth Magic
 + Level 2.0 Poison Magic
 + Level 2.6 Invocations
 + Level 2.4 Evocations


You had 16 spell levels left.
You knew the following spells:

 Your Spells              Type           Power        Failure   Level  Hunger
a - Infusion              Chrm           ###.         1%          1    None


Dungeon Overview and Level Annotations

Branches:
Dungeon (5/15)             Temple (1/1) D:5

Altars:
Ashenzari
Dithmenos
Elyvilon
Fedhas
Gozag
Hepliaklqana
Kikubaaqudgha
Makhleb
Nemelex Xobeh
Okawaru
Qazlal
Ru
Sif Muna
Trog
Uskayaw
Vehumet
Wu Jian
Xom
Yredelemnul
Zin
The Shining One

Annotations:
D:4 Edmund


Innate Abilities, Weirdness & Mutations

Your experience applies equally to all skills.
You have very sharp teeth.
Your uncanny sense of smell can sniff out nearby items.
You have sharp toenails.
You are occasionally teleported next to monsters.


Message History

You hit the giant cockroach but do no damage.
You barely miss the orc.
* * * LOW HITPOINT WARNING * * *
You feel sick.
The worker ant bites you but does no damage.
The giant cockroach bites you.
* * * LOW HITPOINT WARNING * * *
The orc barely misses you. The worker ant barely misses you.
The giant cockroach closely misses you.
Unknown command.
Unknown command.
It was a potion of mutation.
You feel extremely strange.
You feel weirdly uncertain.
Your toenails lengthen and sharpen.
* * * LOW HITPOINT WARNING * * *
You feel sick. You block the worker ant's attack.
The orc hits you with a hand axe.
* * * LOW HITPOINT WARNING * * *
The giant cockroach closely misses you.
It was a potion of cancellation.
You feel magically purged.
You die...

#>#####...#...........
∆ #.# . ∆
#.....#......##.#. #.#
#.##..#.###### #.
#.#..# .#. # .#.#!##
..# .#...#.## ...#
#.....#.# ?..#
#.≈≈≈.#o####...###
#≈!..≈#@).........
#≈._.≈#sa.........
#≈...≈#?)..../....
#.≈≈≈.#..##.....##
#.....#.## .....# #?##
.....# #.# .....# #.#
∆ .....# .# .....#


You could see a worker ant, an orc and a giant cockroach.

Vanquished Creatures
  Grinder (D:4)
  2 orc priests
  2 bullfrog skeletons (D:4)
  2 orc wizards (D:4)
  3 worker ants (D:5)
  A gnoll (D:1)
  5 adders
  An adder zombie (D:5)
  An ooze (D:3)
  3 worms
  3 dart slugs
  2 leopard geckos (D:2)
  8 orcs
  3 giant cockroaches
  7 hobgoblins
  3 jackals (D:3)
  6 kobolds
  A quokka (D:3)
  A ball python (D:1)
  7 bats
  5 frilled lizards
  8 goblins
  A quokka skeleton (D:5)
  10 rats
86 creatures vanquished.

Notes
Turn   | Place    | Note
-------+----------+-------------------------------------------
     0 | D:1      | Faustar the Gnoll Skald began the quest for the Orb.
     0 | D:1      | Reached XP level 1. HP: 20/20 MP: 6/6
    89 | D:1      | Reached XP level 2. HP: 24/26 MP: 7/7
   196 | D:1      | Reached XP level 3. HP: 23/31 MP: 9/9
   197 | D:1      | Reached skill level 5 in Spellcasting
   510 | D:2      | Found a shadowy altar of Dithmenos.
   734 | D:2      | Reached skill level 1 in Invocations
   944 | D:2      | Reached skill level 1 in Short Blades
   944 | D:2      | Reached skill level 1 in Long Blades
   944 | D:2      | Reached skill level 1 in Axes
   944 | D:2      | Reached skill level 1 in Polearms
   944 | D:2      | Reached skill level 1 in Staves
   944 | D:2      | Reached skill level 1 in Slings
   944 | D:2      | Reached skill level 1 in Bows
   944 | D:2      | Reached skill level 1 in Crossbows
   944 | D:2      | Reached skill level 1 in Throwing
   944 | D:2      | Reached skill level 1 in Stealth
   944 | D:2      | Reached skill level 1 in Shields
   944 | D:2      | Reached skill level 1 in Unarmed Combat
   944 | D:2      | Reached skill level 1 in Evocations
   944 | D:2      | Reached XP level 4. HP: 23/38 MP: 11/11
  1154 | D:2      | Found a shattered altar of Ashenzari.
  1266 | D:2      | Found a shimmering altar of Xom.
  1815 | D:3      | Reached skill level 1 in Conjurations
  1815 | D:3      | Reached skill level 1 in Hexes
  1815 | D:3      | Reached skill level 1 in Summonings
  1815 | D:3      | Reached skill level 1 in Necromancy
  1815 | D:3      | Reached skill level 1 in Translocations
  1815 | D:3      | Reached skill level 1 in Transmutations
  1815 | D:3      | Reached skill level 1 in Fire Magic
  1815 | D:3      | Reached skill level 1 in Ice Magic
  1815 | D:3      | Reached skill level 1 in Air Magic
  1815 | D:3      | Reached skill level 1 in Earth Magic
  1815 | D:3      | Reached skill level 1 in Poison Magic
  2384 | D:3      | Reached XP level 5. HP: 18/43 MP: 12/12
  2821 | D:4      | Noticed Grinder
  3004 | D:4      | Paralysed by Grinder for 6 turns
  3018 | D:4      | Killed Grinder
  3018 | D:4      | Reached skill level 5 in Fighting
  3018 | D:4      | Reached skill level 5 in Maces & Flails
  3018 | D:4      | Reached skill level 5 in Dodging
  3018 | D:4      | Reached XP level 6. HP: 10/51 MP: 14/14
  3380 | D:4      | Found a hazy altar of Hepliaklqana.
  3442 | D:4      | Identified the Collected Works on the Entourage
  3461 | D:4      | Reached XP level 7. HP: 19/56 MP: 15/15
  3706 | D:4      | Noticed Edmund
  3744 | D:5      | Entered Level 5 of the Dungeon
  3790 | D:5      | Found a staircase to the Ecumenical Temple.
  3813 | Temple   | Entered the Ecumenical Temple
  4529 | D:5      | Found a sacrificial altar of Ru.
  4552 | D:5      | Gained mutation: You are occasionally teleported next to monsters. [potion of mutation]
  4552 | D:5      | Gained mutation: You have sharp toenails. [potion of mutation]
  4552 | D:5      | HP: 1/56 [orc/hand axe (4)]
  4553 | D:5      | Succumbed to a worker ant's poison

Skill      XL: |  1  2  3  4  5  6  7 |
---------------+----------------------+-----
Spellcasting   | 5 |  5.6
Invocations    | 1 2 |  2.6
Short Blades   | 1 2 |  2.4
Long Blades    | 1 2 |  2.4
Axes           | 1 2 |  2.4
Polearms       | 1 2 |  2.4
Staves         | 1 2 |  2.4
Slings         | 1 2 |  2.4
Bows           | 1 2 |  2.4
Crossbows      | 1 2 |  2.4
Throwing       | 1 2 |  2.4
Stealth        | 1 2 |  2.4
Shields        | 1 2 |  2.4
Unarmed Combat | 1 2 |  2.4
Evocations     | 1 2 |  2.4
Conjurations   | 1 2 |  2.0
Hexes          | 1 2 |  2.0
Summonings     | 1 2 |  2.0
Necromancy     | 1 2 |  2.0
Translocations | 1 2 |  2.0
Transmutations | 1 2 |  2.0
Fire Magic     | 1 2 |  2.0
Ice Magic      | 1 2 |  2.0
Air Magic      | 1 2 |  2.0
Earth Magic    | 1 2 |  2.0
Poison Magic   | 1 2 |  2.0
Armour         | 3 |  3.5
Fighting       | 5 |  5.2
Maces & Flails | 5 |  5.2
Dodging        | 5 |  5.2
Charms         | |  5.8

Action                   |  1- 3 |  4- 6 |  7- 9 || total
-------------------------+-------+-------+-------++-------
Melee: Mace              |   104 |   113 |       ||   217
       Bite              |    11 |    15 |     7 ||    33
       Hand axe          |       |    75 |    63 ||   138
Evoke: Wand              |       |     1 |       ||     1
  Use: Scroll            |       |       |     4 ||     4
       Potion            |       |       |     2 ||     2
 Stab: Sleeping          |     1 |     1 |       ||     2
       Paralysed         |       |     7 |       ||     7
  Eat: Chunk             |       |     8 |     1 ||     9
       Ration            |       |       |     1 ||     1
Armor: Leather armour    |    28 |    37 |    14 ||    79
Dodge: Dodged            |    81 |   124 |    47 ||   252
Block: Buckler           |       |    18 |    18 ||    36
